 Dungeon Crawl Stone Soup version 0.32-a0-484-g2eb335deba (webtiles) character file.

Game seed: 9759131739956738661

208 mopl the Apothecary (level 5, -1/31 HPs)
             Began as an Octopode Alchemist on Feb 26, 2024.
             Slain by a gnoll
             ... wielding a +0 spear of freezing
              (2 damage)
             ... on level 2 of the Dungeon.
             The game lasted 00:02:08 (1665 turns).

mopl the Apothecary (Octopode Alchemist)            Turns: 1665, Time: 00:02:08

Health: -1/31      AC:  1    Str:  7    XL:     5   Next: 86%
Magic:  6/10       EV: 13    Int: 19    God:
Gold:   112        SH:  0    Dex: 13    Spells: 6/11 levels left

rFire   . . .        (no weapon)
rCold   . . .        (no shield)
rNeg    . . .        (helmet restricted)
rPois   .            (no amulet)
rElec   .            (no ring)
rCorr   .            (no ring)
SInv    .            (no ring)
Will    .....        (no ring)
Stlth   +++          (no ring)
HPRegen 0.25/turn    (no ring)
MPRegen 0.12/turn    (no ring)
                     (no ring)

%: no passive effects
@: lethally poisoned (-1 -> -38), very slightly contaminated
A: almost no armour, amphibious, 8 rings, camouflage 1, gelatinous body 1,
(nimble swimmer 1), tentacles
a: no special abilities


You were on level 2 of the Dungeon.
You visited 1 branch of the dungeon, and saw 2 of its levels.

You collected 112 gold pieces.

Inventory:

Jewellery
 d - an amulet of faith {!P}
Scrolls
 b - a scroll of teleportation {unknown}
 c - 2 scrolls of identify {unknown}
 g - 2 scrolls of noise {unknown}
 h - a scroll of blinking {unknown}
Potions
 a - 2 potions of magic
 e - a potion of experience {unknown}
 f - a potion of berserk rage {unknown}
 i - a potion of heal wounds {unknown}
 j - a potion of might {unknown}


   Skills:
 - Level 2.0 Dodging
 - Level 2.6 Stealth
 + Level 3.5 Spellcasting
 + Level 3.2 Conjurations
 + Level 4.8 Alchemy


You had 6 spell levels left.
You knew the following spells:

 Your Spells              Type           Power      Damage    Failure   Level
a - Sting                 Conj/Alch      72%        1d7       2%          1
o - Olgreb's Toxic Radia  Alch           21%        N/A       21%         4

Your spell library contained the following spells:

 Spells                   Type           Power      Damage    Failure   Level
 Foxfire                  Conj/Fire      36%        2x1d5     8%          1
 Mercury Vapours          Alch/Air       24%        N/A       9%          2
 Slow                     Hex            12%        N/A       14%         1
 Mephitic Cloud           Conj/Alch/Air  13%        N/A       14%         3
 Confusing Touch          Hex            3%         N/A       41%         3
 Sigil of Binding         Hex            3%         N/A       41%         3
 Vampiric Draining        Necr           3%         2d6       41%         3
 Sticky Flame             Fire/Alch      12%        2d5       47%         4
 Plasma Beam              Fire/Air       1%         2x1d11    100%        6
 Starburst                Conj/Fire      4%         6d4       100%        6


Dungeon Overview and Level Annotations

Branches:
Dungeon (2/15)

Altars:


Innate Abilities, Weirdness & Mutations

You cannot wear most types of armour.
You are amphibious.
You can wear up to eight rings at the same time.
Your skin changes colour to match your surroundings (Stealth+).
Your rubbery body absorbs attacks. (AC +1, EV +1)
((You are camouflaged when in or above water. (Stealth+)))
You have tentacles for arms and can constrict up to eight enemies at once.


Message History

The sting hits the adder.
The adder is poisoned.
The adder is moderately wounded.
The adder completely misses you.
The sting misses the adder.
The adder closely misses you.
The sting misses the adder.
The adder closely misses you. The adder barely misses you.
The sting hits the adder.
The adder looks even sicker.
The adder is almost dead.
You kill the adder!
No target in view!
You see here an adder corpse.
j - a puce potion You see here an adder corpse.
Things that are here:
a +0 dagger; a goblin skeleton You see here an adder skeleton.
A frilled lizard comes into view.
A gnoll comes into view. It is wielding a +0 halberd of venom.
Found a chain mail.
Found a stone staircase leading down. 2 gnolls come into view.
A gnoll is wielding a +0 spear of freezing.
A gnoll comes into view. It is wielding a +0 club.
The gnoll shouts! x4
The gnoll barely misses you.
The gnoll hits you with a +0 halberd of venom.
You are poisoned.
You aren't wearing anything.
Casting: Sting (safe; 2% risk of failure)
Confirm with . or Enter, or press ? or * to list all spells.
You miscast Olgreb's Toxic Radiance.
You are very lightly contaminated with residual magic.
Parts of your body briefly turn golden.
You are lethally poisoned!
You feel extremely sick.
The gnoll hits you from afar with a +0 spear.
The gnoll hits you with a +0 halberd of venom.
You are more poisoned.
The gnoll hits you from afar with a +0 spear of freezing!
* * * LOW HITPOINT WARNING * * *
The gnoll freezes you.
You die...

## ####. ### ### ##....
##)###.## ##..l#.
##...#...## #....?.## #
#..#.#.#†.#
#.>.....##g###..#.#.#..#
#.....#.@gg.##..#####..#
#...#...##g####..#.#..###
#...##.#####..##.....##..
##........##....##...##...
..
.........##......#...#....
#.#
##.......##..##..##.##..##
#.#
#..####÷#..####..#.#..###
#.#
#.......#..#[.#..#.#.)#.[
#.#
#.#####.#..##.#..#.#..#.#


You could see 4 gnolls and a frilled lizard.

Vanquished Creatures
  Sigmund (D:2)
  4 adders (D:2)
  2 endoplasms (D:1)
  A giant cockroach (D:2)
  4 goblins
  4 hobgoblins
  A ball python (D:2)
  2 bats
  A frilled lizard (D:1)
  2 kobolds
  3 rats
25 creatures vanquished.

Notes
Turn   | Place    | Note
-------+----------+-------------------------------------------
     0 | D:1      | mopl the Octopode Alchemist began the quest for the Orb.
     0 | D:1      | Reached XP level 1. HP: 11/11 MP: 3/3
   639 | D:1      | Reached XP level 2. HP: 17/17 MP: 0/5
  1034 | D:2      | Noticed Sigmund
  1259 | D:2      | Reached XP level 3. HP: 14/21 MP: 1/6
  1331 | D:2      | Reached skill level 2 in Conjurations
  1432 | D:2      | Killed Sigmund
  1433 | D:2      | Reached skill level 3 in Spellcasting
  1433 | D:2      | Reached skill level 3 in Conjurations
  1433 | D:2      | Reached skill level 4 in Alchemy
  1433 | D:2      | Reached XP level 4. HP: 20/27 MP: 3/9
  1433 | D:2      | Reached XP level 5. HP: 23/31 MP: 3/10
  1440 | D:2      | Learned a level 4 spell: Olgreb's Toxic Radiance
  1665 | D:2      | HP: 1/31 [gnoll/+0 spear of freezing (11)]
  1665 | D:2      | Slain by a gnoll

Illustrated notes

Levels and vault maps discovered:
D:1:      dpeg_arrival_water_temple_mockup, layout_loops_corners
D:2:      layout_loops_ring, serial_aquarium, aquarium_bridge_square
          [aquarium_subvault_wall, aquarium_subvault_bridge,
          aquarium_subvault_window, aquarium_subvault_bridge],
          aquarium_window_fake, aquarium_window_corridor_2, aquarium_view_2d,
          aquarium_pool_corner, minmay_puff, uniq_sigmund

Skill      XL: |  1  2  3 |
---------------+----------+-----
Conjurations   | 3 |  3.2
Spellcasting   | 3 |  3.5
Alchemy        | 4 |  4.8
Dodging        | |  2.0
Stealth        | |  2.6

Action                     |  1- 3 |  4- 6 || total
---------------------------+-------+-------++-------
  Melee: Unarmed           |    11 |       ||    11
         Tentacles         |     3 |       ||     3
         Constrict         |     1 |       ||     1
   Cast: Sting             |    36 |    10 ||    46
 Armour: Skin              |    14 |     6 ||    20
  Dodge: Dodged            |    12 |     6 ||    18

Table legend: (Time is in decaauts)
 A = Elapsed time spent in this place.
 B = Non-inter-level travel time spent in this place.
 C = Inter-level travel time spent in this place.
 D = Time resting spent in this place.
 E = Time spent auto-exploring this place.
 F = Levels seen in this place.
 G = Mean time per level.
                   A        B        C        D        E       F      G
               +--------+--------+--------+--------+--------+-----+--------+
         Total |   1665 |   1621 |     44 |     84 |   1261 |   2 |  832.5 |
       Dungeon |   1665 |   1621 |     44 |     84 |   1261 |   2 |  832.5 |
               +--------+--------+--------+--------+--------+-----+--------+

Top non-repeatable levels by time:
     D:1: 1012 daAuts
     D:2: 653 daAuts
